 Dungeon Crawl Stone Soup version 0.28-a0-677-g3278d6a771 (webtiles) character file.

Game seed: 1144818516304567588

53 GordonOverkill the Skirmisher (level 4, 0/36 HPs)
             Began as a Djinni Berserker on Oct 18, 2021.
             Was a Believer of Trog.
             Slain by Sigmund (9 damage)
             ... on level 3 of the Dungeon.
             The game lasted 00:03:44 (2887 turns).

GordonOverkill the Skirmisher (Djinni Berserker)    Turns: 2887, Time: 00:03:45

Health: 0/36       AC:  6    Str: 17    XL:     4   Next: 10%
Gold:   38         EV: 10    Int:  8    God:    Trog [**....] SH:  0 Dex: 13

rFire   + + .      SeeInvis .   a - +0 hand axe
rCold   x . .      Faith    .   (no shield)
rNeg    . . .      Spirit   .   l - +0 scale mail
rPois   ∞          Reflect  .   (no helmet)
rElec   .          Harm     .   (no cloak)
rCorr   .          Rampage  .   (no gloves)
Will    .....                   (boots unavailable)
Stlth   ..........              (no amulet)
HPRegen 0.12/turn               (no ring)
MPRegen 0.00/turn               (no ring)

@: mighty, brilliant, on berserk cooldown, flying, slowed, very slow
A: sickness immunity, fire resistance 2, cold vulnerability 1, float, innate
caster, hp casting, extra vitality 1
a: Renounce Religion, Berserk, Trog's Hand


You were on level 3 of the Dungeon.
You worshipped Trog.
Trog was pleased with you.
You visited 1 branch of the dungeon, and saw 3 of its levels.

You collected 38 gold pieces.

Inventory:

Hand Weapons
 a - a +0 hand axe (weapon)
Missiles
 e - 2 javelins (quivered)
Armour
 l - a +0 scale mail (worn)
Scrolls
 c - a scroll of identify
 d - a scroll of enchant weapon {unknown}
 i - 2 scrolls of amnesia {unknown}
 k - 2 scrolls of magic mapping {unknown}
Potions
 b - a potion of might
 f - a potion of resistance
 g - 3 potions of brilliance
 h - a potion of heal wounds {unknown}
 j - a potion of curing {unknown}


   Skills:
 + Level 3.6 Fighting
 * Level 3.4 Axes
 - Level 2.0 Armour
 - Level 2.1 Dodging


You had 2 spell levels left.
You knew the following spells:

 Your Spells              Type           Power      Damage    Failure   Level
a - Shock                 Conj/Air       0%         1d3       83%         1
Your spell library was empty.

Dungeon Overview and Level Annotations

Branches:
Dungeon (3/15)

Altars:
Vehumet

Annotations:
D:3 Sigmund


Innate Abilities, Weirdness & Mutations

You are immune to sickness and miasma.
You are immune to poison.
Your flesh is very heat resistant. (rF++)
You are vulnerable to cold. (rC-)
You float through the air rather than walking.
You learn spells naturally, not from books.
Your magical power is your life essence.
You have superior vitality. (+4 HP)


Message History

The magic dart hits you!
* * * LOW HITPOINT WARNING * * *
You barely miss Sigmund.
Sigmund is moderately wounded.
You barely miss the hobgoblin.
You are no longer berserk.
You are exhausted.
You feel yourself slow down. The hobgoblin barely misses you.
You barely miss Sigmund.
Sigmund is moderately wounded.
You hit the hobgoblin. Sigmund hits you with a +0 scythe!
* * * LOW HITPOINT WARNING * * *
The hobgoblin barely misses you.
You hit Sigmund.
Sigmund is heavily wounded.
You hit the hobgoblin. Sigmund casts a spell at you.
The puff of flame hits you. You resist.
* * * LOW HITPOINT WARNING * * *
The hobgoblin hits you.
* * * LOW HITPOINT WARNING * * *
Sigmund gestures wildly while chanting.
Sigmund flickers and vanishes!
Deactivating autopickup; reactivate with Ctrl-A.
The hobgoblin hits you.
* * * LOW HITPOINT WARNING * * *
As you read the scroll labelled LAIC XIACO, it crumbles to dust.
It is a scroll of identify.
f - a potion of resistance Something completely misses you.
The hobgoblin hits you.
* * * LOW HITPOINT WARNING * * *
It was a potion of brilliance.
You feel clever all of a sudden.
The hobgoblin hits you but does no damage.
Something hits you but does no damage.
The hobgoblin hits you but does no damage.
It was a potion of might.
You feel very mighty all of a sudden. Something hits you!
You die...

#.# #.#
#.#
##.##
...#
#..#
###<.#
#..g?#
#<##@#
#.##{#
#.##K.
#.####.
#.# ..
#.# ..
#.# ...
... .##


You could see a hobgoblin and a kobold.

Vanquished Creatures
  A gnoll (D:1)
  2 worms (D:2)
  A dart slug (D:1)
  A ball python (D:2)
  4 endoplasms
  4 goblins
  2 hobgoblins (D:2)
  3 jackals (D:1)
  3 kobolds
  A quokka (D:1)
  2 bats
  6 frilled lizards
  5 rats
35 creatures vanquished.

Vanquished Creatures (others)
  4 fungi (D:2)
  10 plants (D:2)
14 creatures vanquished.

Grand Total: 49 creatures vanquished

Notes
Turn   | Place    | Note
-------+----------+-------------------------------------------
     0 | D:1      | GordonOverkill the Djinni Berserker began the quest for the
                  | Orb.
     0 | D:1      | Reached XP level 1. HP: 20/20 MP: 0/0
   242 | D:1      | Reached XP level 2. HP: 25/25 MP: 0/0
  1239 | D:1      | Reached XP level 3. HP: 30/30 MP: 0/0
  1239 | D:1      | Learned a level 1 spell: Shock
  1532 | D:2      | Reached ** piety under Trog
  2150 | D:2      | Reached XP level 4. HP: 35/35 MP: 0/0
  2656 | D:2      | Found a faded altar of an unknown god.
  2869 | D:3      | Noticed Sigmund
  2887 | D:3      | Slain by Sigmund

Illustrated notes

Levels and vault maps discovered:
D:1:      dpeg_arrival_renting, layout_loops_ring, minmay_misc_feat_iff
D:2:      layout_loops_ring, shapermc_ecumenical_altar_mp_ritualfount,
          basic_altar, nrook_mini_backslash
D:3:      layout_loops_ring, mainiacjoe_overflow_brackets,
          kennysheep_orc_sif_temple, portal_sewer_entry_a, uniq_sigmund

Skill      XL: |  1  2 |
---------------+-------+-----
Axes           | 3 |  3.4
Fighting       | |  3.6
Armour         | |  2.0
Dodging        | |  2.1

Action                   |  1- 3 |  4- 6 || total
-------------------------+-------+-------++-------
Melee: Hand axe          |    87 |    21 ||   108
Invok: Berserk           |    16 |     5 ||    21
  Use: Potion            |       |     2 ||     2
       Scroll            |       |     1 ||     1
Armor: Animal skin       |     9 |       ||     9
       Ring mail         |    11 |       ||    11
       Scale mail        |       |     3 ||     3
Dodge: Dodged            |    81 |     9 ||    90

Table legend: (Time is in decaauts)
 A = Elapsed time spent in this place.
 B = Non-inter-level travel time spent in this place.
 C = Inter-level travel time spent in this place.
 D = Time resting spent in this place.
 E = Time spent auto-exploring this place.
 F = Levels seen in this place.
 G = Mean time per level.
                   A        B        C        D        E       F      G
               +--------+--------+--------+--------+--------+-----+--------+
         Total |   3093 |   3035 |     58 |   1537 |   1048 |   3 | 1031.0 |
       Dungeon |   3093 |   3035 |     58 |   1537 |   1048 |   3 | 1031.0 |
               +--------+--------+--------+--------+--------+-----+--------+

Top non-repeatable levels by time:
     D:2: 1537 daAuts
     D:1: 1536 daAuts
     D:3: 19 daAuts
